 Dungeon Crawl Stone Soup version 0.17-a0-1949-g1acca9a (webtiles) character file.

952 Ordine the Cruncher (level 7, -1/56 HPs)
             Began as a Minotaur Gladiator on Oct 2, 2015.
             Slain by an orc warrior
             ... wielding a +0 mace
              (11 damage)
             ... on level 5 of the Dungeon.
             The game lasted 00:13:04 (3662 turns).

Ordine the Cruncher (Minotaur Gladiator)            Turns: 3662, Time: 00:13:04

Health: -1/56      AC:  8    Str: 20    XL:     7   Next: 90%
Magic:  6/6        EV: 12    Int:  5    God:
Gold:   210        SH:  0    Dex: 12    Spells: 0 memorised, 6 levels left

rFire  . . .     SeeInvis .     a - +0 quarterstaff
rCold  . . .     Clarity  .     h - +0 ring mail
rNeg   . . .     SustAt   .     (no shield)
rPois  .         Gourm    .     c - +0 hat
rElec  .         Spirit   .     (no cloak)
rCorr  .         Warding  .     (no gloves)
rMut   .         Stasis   .     (no boots)
MR     .....                    (no amulet)
Stlth  +.........               (no ring)
                                b - +3 ring of protection

@: not resistant to hostile enchantments, very unstealthy
A: retaliatory headbutt, horns 2
a: no special abilities


You were on level 5 of the Dungeon.
You were very hungry.

You visited 1 branch of the dungeon, and saw 5 of its levels.

You collected 210 gold pieces.

Inventory:

Hand weapons
 a - a +0 quarterstaff (weapon)
Missiles
 d - 3 throwing nets (quivered)
Armour
 c - a +0 hat (worn)
 h - a +0 ring mail (worn)
Jewellery
 b - a +3 ring of protection (left hand)
Magical devices
 i - a wand of frost (22)
 n - a wand of invisibility (4)
Scrolls
 j - a scroll of blinking
 k - 2 scrolls of identify
 l - a scroll of remove curse
 m - a scroll of teleportation
 r - a scroll of fog
Potions
 f - a potion of magic
 q - a potion of invisibility
Books
 o - a book of Envenomations

   Spells                             Type                      Level
   a - Spider Form                    Transmutation/Poison         3
   b - Alistair's Intoxication        Transmutation/Poison         4
   c - Olgreb's Toxic Radiance        Poison                       4
   d - Poisonous Cloud                Conjuration/Poison/Air       6
Comestibles
 e - 3 bread rations
 g - a meat ration
 p - a slice of pizza


   Skills:
 - Level 2.4 Fighting
 + Level 11.3 Staves
 - Level 2.0 Throwing
 - Level 3.2 Dodging


You had 6 spell levels left.
You didn't know any spells.

Dungeon Overview and Level Annotations

Branches:
Dungeon (5/15)
 Temple: D:4-7

Altars:
Ru


Innate Abilities, Weirdness & Mutations

You reflexively headbutt those who attack you in melee.
You have a pair of horns on your head.


Message History

The orc warrior is heavily wounded.
The orc warrior closely misses you. You furiously retaliate!
You headbutt the orc warrior. You closely miss the orc warrior.
The orc warrior is heavily wounded.
You hit the orc warrior. You headbutt the orc warrior.
The orc warrior is severely wounded.
The orc warrior hits you but does no damage.
You barely miss the orc warrior.
The orc warrior is severely wounded.
The orc warrior hits you with a mace!
* * * LOW HITPOINT WARNING * * *
Drink which item? (? for menu, Esc to quit)
Okay, then.
You completely miss the orc warrior.
The orc warrior is severely wounded.
You hit the orc warrior.
The orc warrior is almost dead.
The orc warrior hits you with a mace!
You die...

#.....#....... ....
.. #.....#.......
.......
#######.......
.....#. #.......
.....#'#### #.......
..........# #.......
..........# #.......
#...o...# ######..
#...)@..# #..
#)......# ##.
#.......# #.
#.......## ######.
######...# ##......
####...######.......
#<.'...'....'.......
####...######.......
#...# ##+#....


You could see an orc warrior.

Vanquished Creatures
  Duvessa (D:4)
  An ogre (D:4)
  Blork the orc (D:4)
  Dowan (D:4)
  A water moccasin skeleton (D:5)
  6 scorpions (D:4)
  2 iguanas (D:4)
  An orc wizard (D:4)
  An orc priest (D:5)
  Natasha (twice) (D:4)
  A hound zombie (D:3)
  4 adders
  A shadow imp (D:5)
  2 oozes
  A worm (D:2)
  5 giant geckos
  10 orcs
  16 bats
  3 giant cockroaches (D:2)
  9 hobgoblins
  13 jackals
  3 ball pythons
  3 giant gecko skeletons
  4 giant newts
  5 goblins
  8 kobolds
  A quokka (D:2)
  10 rats
  A plant (D:4)
117 creatures vanquished.

Vanquished Creatures (others)
  2 fungi (D:4)
2 creatures vanquished.

Grand Total: 119 creatures vanquished

Notes
Turn   | Place    | Note
--------------------------------------------------------------
     0 | D:1      | Ordine the Minotaur Gladiator began the quest for the Orb.
     0 | D:1      | Reached XP level 1. HP: 18/18 MP: 0/0
    19 | D:1      | Reached skill level 4 in Staves
   278 | D:1      | Reached XP level 2. HP: 25/25 MP: 1/1
   594 | D:1      | Reached skill level 5 in Staves
   622 | D:1      | Reached XP level 3. HP: 25/30 MP: 2/2
  1174 | D:2      | Reached skill level 6 in Staves
  1174 | D:2      | Reached XP level 4. HP: 32/37 MP: 3/3
  1286 | D:2      | Found a faded altar to an unknown god.
  1394 | D:2      | Found a sacrificial altar of Ru.
  1816 | D:3      | You fall through a shaft!
  1824 | D:4      | Reached skill level 7 in Staves
  1824 | D:4      | Reached XP level 5. HP: 26/42 MP: 4/4
  1839 | D:4      | Noticed Duvessa
  1840 | D:4      | Noticed Dowan
  2104 | D:4      | Killed Duvessa
  2104 | D:4      | Reached skill level 8 in Staves
  2104 | D:4      | Reached XP level 6. HP: 20/50 MP: 5/5
  2108 | D:4      | Killed Dowan
  2512 | D:4      | Noticed Natasha
  2519 | D:4      | Killed Natasha
  2519 | D:4      | Reached skill level 9 in Staves
  2559 | D:4      | Noticed Blork the orc
  2571 | D:4      | Killed Blork the orc
  2571 | D:4      | Reached XP level 7. HP: 21/56 MP: 6/6
  2834 | D:4      | Noticed Natasha
  2840 | D:4      | Killed Natasha
  2852 | D:4      | Noticed an ogre
  2862 | D:4      | Killed an ogre
  2862 | D:4      | Reached skill level 10 in Staves
  3176 | D:4      | Reached skill level 11 in Staves
  3256 | D:5      | Entered Level 5 of the Dungeon
  3662 | D:5      | Slain by an orc warrior

Vault maps used:
D:1:      scummos_arrival_star
D:2:      ecumenical_altar_2, nicolae_ru_path_of_blood
D:3:      lemuel_blue_sif_altar, first_bread, serial_bayou, serial_bayou_pond_e,
          serial_bayou_lagoon_a, serial_bayou_lagoon_b, serial_bayou_lake_a,
          minmay_item_behind_shaft
D:4:      old_forge, uniq_natasha, uniq_blork_the_orc, uniq_duvessa

Action                   |  1- 3 |  4- 6 |  7- 9 || total
-------------------------+-------+-------+-------++-------
Melee: Quarterstaff      |    94 |   143 |    86 ||   323
  Use: Scroll            |     2 |     8 |     2 ||    12
       Potion            |       |     3 |       ||     3
 Stab: Held in net/web   |       |       |     1 ||     1
  Eat: Chunk             |     1 |     4 |     3 ||     8
